 Dungeon Crawl Stone Soup version 0.27-a0-198-g1307ea1511 (webtiles) character file.

Game seed: 3643795822213179753

13 EnegeticOcto the Ruffian (level 2, -1/25 HPs)
             Began as a Naga Transmuter on Jan 29, 2021.
             Slain by an adder (4 damage)
             ... on level 1 of the Dungeon.
             The game lasted 00:03:28 (1047 turns).

EnegeticOcto the Ruffian (Naga Transmuter)          Turns: 1047, Time: 00:03:28

Health: -1/25      AC:  2    Str: 12    XL:     2   Next: 37%
Magic:  4/5        EV: 10    Int: 13    God:
Gold:   60         SH:  0    Dex: 11    Spells: 4/5 levels left

rFire    . . .     SeeInvis +     - Unarmed
rCold    . . .     Faith    .   (no shield)
rNeg     . . .     Spirit   .   a - +0 robe
rPois    +         Reflect  .   (helmet currently unavailable)
rElec    .         Harm     .   h - +0 cloak
rCorr    .         Rampage  .   (no gloves)
Will     .....                  (no barding)
Stlth    ++........             (no amulet)
HPRegen  0.08/turn              (no ring)
MPRegen  0.09/turn              (no ring)

@: appendages (expiring), very slow
A: large, horns 2, see invisible, deformed body, poison resistance, slowness 2,
spit poison 1, AC +0
a: Spit Poison, End Transformation


You were on level 1 of the Dungeon.
You had grown temporary horns.
You visited 1 branch of the dungeon, and saw 2 of its levels.

You collected 60 gold pieces.

Inventory:

Hand Weapons
 k - a +0 short sword
   (You took it off a kobold on level 1 of the Dungeon)
Missiles
 i - 3 boomerangs (quivered)
Armour
 a - a +0 robe (worn)
 h - a +0 cloak (worn)
   (You found it on level 1 of the Dungeon)
Jewellery
 j - a +6 ring of intelligence {unknown}
   (You found it on level 1 of the Dungeon)
Scrolls
 b - a scroll of identify {unknown}
 d - a scroll of teleportation {unknown}
 f - a scroll of blinking {@r4}
 g - a scroll of enchant weapon {unknown}
 l - a scroll of enchant armour {unknown}
 n - a scroll of magic mapping {unknown}
Potions
 c - a potion of resistance {unknown}
 e - a potion of curing {unknown}
 m - 2 potions of attraction {unknown}


   Skills:
 + Level 1.2 Fighting
 - Level 1.5 Dodging
 - Level 3.0 Stealth
 - Level 3.0 Unarmed Combat
 - Level 2.0 Spellcasting
 - Level 2.0 Transmutations


You had 4 spell levels left.
You knew the following spells:

 Your Spells              Type           Power        Failure   Level
a - Beastly Appendage     Tmut           12%          11%         1

Your spell library contained the following spells:

 Spells                   Type           Power        Failure   Level
 Wereblood                Tmut           6%           17%         2
 Spider Form              Tmut/Pois      1%           45%         3
 Ice Form                 Ice/Tmut       3%           86%         4
 Blade Hands              Tmut           3%           97%         5


Dungeon Overview and Level Annotations

Branches:
Dungeon (2/15)

Altars:


Innate Abilities, Weirdness & Mutations

You cannot wear boots.
Your serpentine skin is tough. (AC +0)
You have supernaturally acute eyesight. (SInv)
Armour fits poorly on your strangely shaped body.
Your system is resistant to poisons. (rPois)
You cover ground very slowly.
You can spit poison.
You have a pair of horns on your head.


Message History

Things that are here:
a jackal corpse; a jackal corpse
There is an open door here.
m - 2 bubbling amethyst potions
n - a scroll labelled JAQOMNERUMN You open the door.
There is an open door here.
A kobold comes into view.
Found a leather armour.
Press: ? - help, Shift-Dir - straight line, f - kobold
Aim: a kobold (asleep)
The splash of poison hits the kobold!
You kill the kobold!
You have got your breath back.
There is an open door here.
There is a stone staircase leading down here.
You see here a plate armour.
You see here a hunting sling.
f - 2 scrolls labelled KETYID CEINISI (gained 1) Done exploring.
Done exploring.
Blink to where?
Press: ? - help, Dir - move target, f - you Are you sure you want to cancel this blink?
Okay, then.
As you read the scroll labelled KETYID CEINISI, it crumbles to dust.
It was a scroll of blinking.
Okay, then.
Search for what [? for help]? .
Done exploring.
Done exploring.
(D) Dungeon
Where to? (Enter - D:1 @ (x,y), ? - help)
You see here a hunting sling.
You see here a plate armour.
There is a stone staircase leading down here.
You climb downwards.
A frilled lizard and an adder come into view.
Found 7 gold pieces and a coppery potion.
There is a stone staircase leading up here.
Casting: Beastly Appendage (safe; 11% risk of failure)
Press: ? - help, Q - select action, (/) - cycle Dir - look around, f - activate You grow a pair of large bovine horns.
Your transformation is almost over.
Throw: 3 boomerangs
Press: ? - help, Q - select action, (/) - cycle Shift-Dir - straight line, f - adder
Aim: an adder (asleep, 98% to hit)
You throw a boomerang. The boomerang hits the adder.
The adder hisses angrily.
The adder is lightly wounded.
Press: ? - help, Shift-Dir - straight line, f/p - adder
Aim: an adder (lightly wounded)
The splash of poison misses the adder.
The adder bites you.
You climb upwards.
There is a stone staircase leading down here.
You miss the adder.
The adder is lightly wounded.
The adder closely misses you.
You barely miss the adder.
The adder is lightly wounded.
You have got your breath back.
The adder bites you.
You completely miss the adder. Your headbutt misses the adder.
The adder is lightly wounded.
Your horns disappear.
The adder bites you.
You are too injured to fight recklessly!
Casting: Beastly Appendage (safe; 11% risk of failure)
Confirm with . or Enter, or press ? or * to list all spells.
You grow a pair of large bovine horns.
Your transformation is almost over.
The adder bites you. x2
You closely miss the adder.
The adder is lightly wounded.
The adder bites you.
You hit the adder.
The adder is heavily wounded.
The adder barely misses you.
You hit the adder but do no damage. Your headbutt misses the adder.
The adder is heavily wounded.
The adder closely misses you.
You closely miss the adder.
The adder is heavily wounded.
The adder barely misses you. The adder bites you but does no damage.
You hit the adder.
The adder is almost dead.
The adder bites you.
* * * LOW HITPOINT WARNING * * *
You miss the adder. Your headbutt misses the adder.
The adder is almost dead.
The adder closely misses you.
You barely miss the adder.
The adder is almost dead.
The adder bites you.
* * * LOW HITPOINT WARNING * * *
You completely miss the adder.
The adder is almost dead.
The adder bites you.
You die...

......#
#....######.#######.
......#
#####....#......# #.
......#
#.......##......# #.
..##'##
#.......##......#######.
..##.#
#.......#######.........
..##.# #.......#
########## ####.#
######..# #
#.##########..# #
#............@# #
########.....S# # #####
#......##### # ....#
#..........# # ....#
#######.......# # ....#
#^....[.......# # ....#
#.######......# # ....#
#.# #......# # ....# #.#
######## #


You could see an adder.

Vanquished Creatures
  A bat (D:1)
  A giant cockroach (D:1)
  A goblin (D:1)
  A hobgoblin (D:1)
  3 jackals (D:1)
  2 kobolds (D:1)
  A rat (D:1)
10 creatures vanquished.

Notes
Turn   | Place    | Note
-------+----------+-------------------------------------------
     0 | D:1      | EnegeticOcto the Naga Transmuter began the quest for the
                  | Orb.
     0 | D:1      | Reached XP level 1. HP: 18/18 MP: 3/3
   288 | D:1      | Reached skill level 1 in Stealth
   566 | D:1      | Reached skill level 2 in Stealth
   691 | D:1      | Reached XP level 2. HP: 23/25 MP: 5/5
   746 | D:1      | Reached skill level 3 in Stealth
  1047 | D:1      | Slain by an adder

Illustrated notes

Levels and vault maps discovered:
D:1:      amcnicky_arrival_underground_garden, layout_basic, corner_web_ring,
          minmay_tiny_reverse_x
D:2:      layout_rooms

Skill      XL: |  1  2 |
---------------+-------+-----
Stealth        | 2 3 |  3.0
Fighting       | |  1.2
Dodging        | |  1.5
Unarmed Combat | |  3.0
Spellcasting   | |  2.0
Transmutations | |  2.0

Action                   || total
-------------------------++-------
Melee: Unarmed           ||    23
Throw: Boomerang         ||     1
 Cast: Beastly Appendage ||     3
 Abil: Spit Poison       ||    13
  Use: Scroll            ||     1
Armor: Robe              ||     9
Dodge: Dodged            ||    16

Table legend: (Time is in decaauts)
 A = Elapsed time spent in this place.
 B = Non-inter-level travel time spent in this place.
 C = Inter-level travel time spent in this place.
 D = Time resting spent in this place.
 E = Time spent auto-exploring this place.
 F = Levels seen in this place.
 G = Mean time per level.
                   A        B        C        D        E       F      G
               +--------+--------+--------+--------+--------+-----+--------+
         Total |   1372 |   1185 |    187 |    108 |    296 |   2 |  686.0 |
       Dungeon |   1372 |   1185 |    187 |    108 |    296 |   2 |  686.0 |
               +--------+--------+--------+--------+--------+-----+--------+

Top non-repeatable levels by time:
     D:1: 1366 daAuts
     D:2: 6 daAuts
